 Dungeon Crawl Stone Soup version 0.15.0-12-gccce430 (webtiles) character file.

44 yomama1 the Cudgeler (level 3, -3/20 HPs)
             Began as a Gargoyle Fighter on Aug 31, 2014.
             Slain by Crazy Yiuf
             ... wielding a +2 quarterstaff of chaos
              (7 damage)
             ... on Level 2 of the Dungeon on Sept 1, 2014.
             The game lasted 00:05:03 (1403 turns).

yomama1 the Cudgeler (Gargoyle Fighter)             Turns: 1403, Time: 00:05:04

HP  -3/20        AC  9     Str 20      XL: 3   Next: 62%
MP   0/2         EV  5     Int  8      God:
Gold 117         SH  0     Dex  9      Spells:  0 memorised,  2 levels left

rFire  . . .     SeeInvis .     a - +1 flail
rCold  + . .     Clarity  .     f - +0 plate armour
rNeg   + . .     rCorr    .     (no shield)
rPois  +         rRot     +     (no helmet)
rElec  +         Spirit   .     (no cloak)
SustAb .         Warding  .     (no gloves)
rMut   .         Stasis   .     (no boots)
Gourm  .                        (no amulet)
MR     .....                    (no ring)
                                (no ring)

@: not resistant to hostile enchantments, extremely unstealthy
A: hooves 1, cold resistance 1, deformed body, frail 1, low mp 1, negative
energy resistance 1, electricity resistance, unbreathing, petrification
resistance, rot immunity, AC +3
a: no special abilities


You were on level 2 of the Dungeon.
You were hungry.

You visited 1 branch of the dungeon, and saw 2 of its levels.

You collected 117 gold pieces.

Inventory:

Hand weapons
 a - a +1 flail (weapon)
Armour
 c - a +0 shield
 f - a +0 plate armour (worn)
Comestibles
 d - 3 bread rations
 l - a meat ration
 p - a chunk of kobold flesh
Scrolls
 b - a scroll of remove curse {unknown}
 h - a scroll of recharging {unknown}
 i - a scroll of fog
 m - a scroll of amnesia {unknown}
Jewellery
 g - an uncursed ring of fire {unknown}
 j - an uncursed ring of see invisible {unknown}
 o - an uncursed amulet of clarity {unknown}
Potions
 e - a potion of might
 k - a potion of brilliance {unknown}
 n - a potion of poison {unknown}


   Skills:
 - Level 3.2 Fighting
 + Level 3.9 Maces & Flails
 - Level 3.2 Armour
 - Level 3.2 Shields


You had 2 spell levels left.
You didn't know any spells.

Dungeon Overview and Level Annotations

Branches:
Dungeon (2/15)

Altars:

Annotations:
D:2 Crazy Yiuf


Innate Abilities, Weirdness & Mutations

You are resistant to torment.
You are immune to poison.
Your stone body is very resilient (AC +3).
You resist negative energy.
You are resistant to electric shocks.
You can survive without breathing.
You are immune to petrification.
You are immune to rotting.
You have large cloven feet.
Your flesh is cold resistant.
Armour fits poorly on your strangely shaped body.
You are frail (-10% HP).
Your magical capacity is low (-10% MP).


Message History

Crazy Yiuf freezes you.
You thump Crazy Yiuf!
Crazy Yiuf is severely wounded.
Crazy Yiuf hits you with a quarterstaff of chaos.
You feel your power leaking away.
Crazy Yiuf says, "Crazy?
Crazy!?
PORCUPINE!"
You closely miss Crazy Yiuf.
Crazy Yiuf is severely wounded.
Crazy Yiuf hits you with a quarterstaff of chaos.
* * * LOW HITPOINT WARNING * * *
You feel your power leaking away.
Your plate armour prevents you from hitting Crazy Yiuf.
Your kick misses Crazy Yiuf.
Crazy Yiuf is severely wounded.
Crazy Yiuf barely misses you.
You barely miss Crazy Yiuf. You kick Crazy Yiuf.
Crazy Yiuf is almost dead.
Crazy Yiuf waves his quarterstaff at you.
Crazy Yiuf hits you with a quarterstaff of chaos!
You die...

.......##.#####
##.#.............
.....>....#
#.#..###########
.......#..#
#.#....#
.......#..#
#.#..#.#
.......####
######.##
.......# #..#
...##..#
♣♣♣♣♣###.#
.......# ####
♣♣♣.♣....#.#
.......#
#...#♣g@♣.......#
...##..#
#...'.♣♣♣♣......#
.......# #)..#♣♣
♣♣....## ..####.#
#### ♣♣####
.......# ########


You could see Crazy Yiuf.

Vanquished Creatures
  2 adders (D:2)
  A giant gecko (D:2)
  A giant cockroach (D:1)
  8 hobgoblins
  2 bats
  A giant newt (D:1)
  A goblin (D:1)
  4 kobolds
  3 rats
23 creatures vanquished.

Notes
Turn   | Place    | Note
--------------------------------------------------------------
     0 | D:1      | yomama1, the Gargoyle Fighter, began the quest for the Orb.
     0 | D:1      | Reached XP level 1. HP: 14/14 MP: 1/1
   131 | D:1      | Upgraded the game from 0.15.0-11-g6f4f891 to 0.15.0-12-gccce430
   276 | D:1      | Reached XP level 2. HP: 19/19 MP: 2/2
   913 | D:1      | Gained mutation: You are frail (-10% HP). [potion of mutation]
   913 | D:1      | Gained mutation: Armour fits poorly on your strangely shaped body. [potion of mutation]
   913 | D:1      | Gained mutation: You have large cloven feet. [potion of mutation]
   974 | D:2      | Reached XP level 3. HP: 17/20 MP: 3/3
  1160 | D:2      | Gained mutation: Your magical capacity is low (-10% MP). [potion of mutation]
  1160 | D:2      | Gained mutation: Your flesh is cold resistant. [potion of mutation]
  1394 | D:2      | Noticed Crazy Yiuf
  1403 | D:2      | Slain by Crazy Yiuf

Action                   || total
-------------------------++-------
Melee: Flail             ||    71
  Use: Scroll            ||     3
       Potion            ||     3
  Eat: Chunk             ||     1
